AoeStats
← Reinhardlunsen

Arena

509695400Analyzed
4v4 RM · 3d ago on Sep 27, 2026· 39m 3s· 8 players
Game mode
Random Map
Map size
Large (8 player)
Population
200
Speed
Normal
Resources
Standard
Victory
Conquest
Starting age
Dark Age
Ending age
Imperial Age
RankedLock teamsTeams togetherTeam positionsShared explorationLock speedFull tech treeHidden civsTurbo modeCheats
Victory
Defeat
🇨🇳 Mongols · China
1629
+14
🇧🇷 Persians · Brazil
1619
+15
🇩🇪 Varangians · Germany
1558
+17
🇩🇪 Danes · Germany
1490
+20
🇧🇷 Celts · Brazil
1703
-21
🇺🇸 Khmer · United States
1671
-20
🇧🇷 Cumans · Brazil
1575
-16
🇧🇷 Persians · Brazil
1388
-9
tim.13
10:02 Feudal Age
14:02 Castle Age
12:44 Double-Bit Axe
15:47 Wheelbarrow
20:35 Gold Mining
21:38 Bow Saw
23:01 Fletching
24:08 Bodkin Arrow
25:39 Ballistics
26:27 Gold Shaft Mining
28:15 Padded Archer Armor
33:09 Imperial Age
30:25 Loom
30:48 Stone Mining
32:45 Leather Archer Armor
33:07 Stone Shaft Mining
35:00 Chemistry
34:01 Bracer
33:24 Elite Mangudai
34:25 Conscription
35:29 Thumb Ring
35:55 Parthian Tactics
36:18 Bloodlines
36:09 Husbandry
38:47 Capped Ram
Reinhardlunsen
10:21 Feudal Age
14:30 Castle Age
13:07 Double-Bit Axe
13:49 Horse Collar
15:53 Bow Saw
22:41 Wheelbarrow
23:03 Gold Mining
28:05 Imperial Age
26:23 Hand Cart
28:01 Scale Barding Armor
28:07 Forging
29:29 Chain Barding Armor
30:24 Iron Casting
31:10 Plate Barding Armor
31:14 Pikeman
31:55 Squires
32:23 Conscription
32:19 Bloodlines
32:09 Husbandry
33:58 Elite Jarl
35:40 Elite Varangian Guard
36:23 Scale Mail Armor
37:24 Chain Mail Armor
37:46 Fletching
40:07 Plate Mail Armor
SAMEDO
7:07 Loom
11:24 Feudal Age
11:37 Feudal Age
12:22 Horse Collar
15:31 Castle Age
13:38 Double-Bit Axe
15:15 Town Watch
18:23 Bow Saw
20:34 Wheelbarrow
21:21 Heavy Plow
30:14 Imperial Age
28:51 Scale Mail Armor
29:02 Forging
28:55 Squires
28:41 Gambesons
32:55 Chain Mail Armor
32:37 Elite Varangian Guard
33:05 Arson
37:10 Iron Casting
GAX | BiduZera
10:10 Feudal Age
14:19 Castle Age
12:25 Double-Bit Axe
12:44 Horse Collar
15:09 Bow Saw
21:13 Loom
23:15 Wheelbarrow
22:43 Gold Mining
28:47 Imperial Age
26:52 Bloodlines
27:19 Scale Barding Armor
27:33 Heavy Plow
27:32 Stone Mining
28:55 Husbandry
29:14 Cavalier
31:11 Hand Cart
31:25 Chain Barding Armor
32:14 Heavy Camel Rider
33:30 Conscription
34:42 Gold Shaft Mining
34:42 Stone Shaft Mining
34:41 Savar
36:12 Conscription
36:29 Hoardings
37:13 Plate Barding Armor
37:42 Two-Man Saw
37:11 Fletching
37:48 Padded Archer Armor
38:57 Ballistics
38:48 Masonry
39:44 Chemistry
38:58 Masonry
39:48 Leather Archer Armor
[LCDR] ScOrPiOn II
10:19 Feudal Age
16:30 Castle Age
14:55 Double-Bit Axe
15:24 Horse Collar
21:02 Husbandry
21:34 Scale Barding Armor
26:39 Bow Saw
29:20 Imperial Age
27:14 Forging
28:26 Bloodlines
29:16 Wheelbarrow
29:13 Heavy Plow
30:48 Two-Man Saw
29:59 Cavalier
30:59 Loom
31:43 Chain Barding Armor
31:36 Heavy Camel Rider
33:48 Plate Barding Armor
35:08 Iron Casting
36:22 Savar
38:50 Gold Mining
38:50 Stone Mining
SSX_Flexa
6:54 Loom
9:16 Feudal Age
11:37 Man-at-Arms
24:55 Castle Age
23:46 Double-Bit Axe
25:14 Scale Barding Armor
27:35 Horse Collar
28:35 Bow Saw
34:27 Imperial Age
SS_Guxta
11:31 Feudal Age
14:12 Castle Age
12:17 Horse Collar
12:38 Double-Bit Axe
14:25 Light Cavalry
24:13 Bow Saw
24:05 Heavy Plow
25:39 Wheelbarrow
26:03 Loom
[LCDR] Alone
10:25 Feudal Age
14:00 Castle Age
12:41 Double-Bit Axe
12:48 Horse Collar
14:56 Bow Saw
18:56 Loom
20:07 Wheelbarrow
26:25 Imperial Age
24:12 Scale Mail Armor
24:54 Forging
26:57 Chain Mail Armor
26:53 Capped Ram
28:09 Plate Mail Armor
27:47 Siege Ram
29:22 Conscription
29:54 Iron Casting
29:15 Pikeman
29:52 Halberdier
32:59 Furor Celtica
34:32 Heavy Scorpion
37:29 Ballistics
38:33 Chemistry
Connection lost

Rejoining the realm…

Still unreachable

The connection could not be restored.

Session expired

The server has moved on; the page needs a fresh start.